AoeStats
← Mooncore

Four Lakes

508939005Analyzed
1v1 RM · 7d ago on Sep 24, 2026· 49m 18s· 2 players
Game mode
Random Map
Map size
Tiny (2 player)
Population
200
Speed
Normal
Resources
Standard
Victory
Conquest
Starting age
Dark Age
Ending age
Imperial Age
RankedLock teamsTeams togetherTeam positionsShared explorationLock speedFull tech treeHidden civsTurbo modeCheats
Victory
Defeat
🇬🇧 Varangians · United Kingdom
932
+34
🇸🇰 Poles · Slovakia
940
-16
Mooncore
11:00 Feudal Age
11:49 Loom
15:51 Castle Age
17:30 Forging
23:13 Scale Mail Armor
33:35 Imperial Age
34:10 Chain Mail Armor
34:31 Iron Casting
36:13 Wheelbarrow
39:39 Plate Mail Armor
40:09 Blast Furnace
38:54 Elite Varangian Guard
39:35 Squires
39:20 Arson
45:24 Horse Collar
47:17 Double-Bit Axe
Jamailo
10:43 Feudal Age
10:56 Loom
11:23 Double-Bit Axe
11:26 Fishing Lines
11:30 Horse Collar
15:00 Scale Barding Armor
16:23 Bloodlines
16:33 Forging
16:21 Arson
21:03 Castle Age
20:13 Stone Mining
20:14 Gold Mining
21:20 Fletching
21:31 Scale Mail Armor
21:49 Heavy Plow
22:01 Bow Saw
22:27 Husbandry
23:14 Chain Barding Armor
23:55 Wheelbarrow
23:06 Town Watch
28:02 Iron Casting
28:04 Hand Cart
28:26 Light Cavalry
29:50 Squires
29:11 Pikeman
37:22 Imperial Age
35:17 Szlachta Privileges
37:25 Chain Mail Armor
37:06 Bodkin Arrow
37:11 Padded Archer Armor
38:49 Conscription
38:52 Lechitic Legacy
37:58 Cavalier
39:12 Crop Rotation
39:21 Plate Mail Armor
39:16 Town Patrol
39:03 Elite Skirmisher
41:12 Bracer
42:14 Blast Furnace
41:02 Elite Obuch
45:02 Winged Hussar
46:24 Bracer
Connection lost

Rejoining the realm…

Still unreachable

The connection could not be restored.

Session expired

The server has moved on; the page needs a fresh start.